 Dungeon Crawl Stone Soup version 0.22.1-1-ga44c0e5 (webtiles) character file.

3035 nightchill the Grappler (level 9, -14/77 (78) HPs)
             Began as a Green Draconian Transmuter on Oct 28, 2018.
             Was a Believer of Okawaru.
             Demolished by a death yak (20 damage)
             ... on level 8 of the Dungeon.
             The game lasted 00:50:03 (11613 turns).

nightchill the Grappler (DrTm)                     Turns: 11613, Time: 00:50:04

HP:   -14/77 (78)   AC:  2    Str: 13    XL:     9   Next: 56%
MP:   4/12          EV: 21    Int: 17    God:    Okawaru [**....]
Gold: 443           SH:  0    Dex: 16    Spells: 3/12 levels left

rFire    . . .     SeeInvis .     - Unarmed
rCold    . . .     Gourm    .   (shield currently unavailable)
rNeg     + . .     Faith    .   (armour unavailable)
rPois    x         Spirit   .   (helmet currently unavailable)
rElec    .         Reflect  .   (cloak currently unavailable)
rCorr    .         Harm     .   (gloves currently unavailable)
MR       .....                  (boots currently unavailable)
Stlth    +.........             y - amulet of rage
HPRegen  0.22/turn              b - ring of positive energy
MPRegen  0.13/turn              g - ring of wizardry

@: spider-form
A: tiny, (breathe noxious fumes), unfitting armour, AC +7
a: End Transformation, Heroism, Renounce Religion, Evoke Berserk Rage


You were on level 8 of the Dungeon.
You worshipped Okawaru.
Okawaru was pleased with you.
You were not hungry.
You were a venomous arachnid creature.
You visited 2 branches of the dungeon, and saw 9 of its levels.

You collected 443 gold pieces.

Inventory:

Hand Weapons
 w - a cursed -2 halberd
 B - a +0 blowgun
Missiles
 a - 121 arrows
 d - 145 stones (quivered)
 e - 2 throwing nets
 C - 7 curare-tipped needles
Armour
 q - a +1 shield
 z - a +0 plate armour
Jewellery
 b - a ring of positive energy (left front leg)
 g - a ring of wizardry (right front leg)
 y - an amulet of rage (around neck)
Wands
 i - a wand of digging (12)
 v - a wand of iceblast (10)
 x - a wand of disintegration (10)
Scrolls
 f - 6 scrolls of teleportation
 k - 3 scrolls of identify
 l - 2 scrolls of amnesia
 n - 2 scrolls of remove curse
 s - a scroll of blinking
 t - a scroll of enchant weapon {unknown}
 A - a scroll of random uselessness {unknown}
Potions
 h - a potion of cancellation
 j - 3 potions of resistance {unknown}
 m - a potion of degeneration
 o - a potion of mutation {unknown}
 p - a potion of curing
 r - 2 potions of heal wounds {unknown}
 u - 3 potions of brilliance {unknown}
Comestibles
 c - 6 rations


   Skills:
 + Level 6.7 Fighting
 + Level 3.0 Dodging
 * Level 9.3 Unarmed Combat
 - Level 2.0 Spellcasting
 + Level 6.3 Transmutations
 - Level 4.3 Ice Magic


You had 3 spell levels left.
You knew the following spells:

 Your Spells              Type           Power        Failure   Level  Hunger
b - Sticks to Snakes      Tmut           ###.....     3%          2    ###....
c - Spider Form           Tmut/Pois      ##........   14%         3    ###....
d - Ice Form              Ice/Tmut       ###.....     19%         4    #####..

Your spell library contained the following spells:

 Spells                   Type           Power        Failure   Level  Hunger
 Beastly Appendage        Tmut           ###...       2%          1    #......
 Blade Hands              Tmut           ###.......   28%         5    ######.


Dungeon Overview and Level Annotations

Branches:
Dungeon (8/15)             Temple (1/1) D:6
   Lair: D:8-11

Altars:
Cheibriados
Dithmenos
Elyvilon
Fedhas
Gozag
Hepliaklqana
Kikubaaqudgha
Makhleb
Nemelex Xobeh
Okawaru
Qazlal
Ru
Sif Muna
Trog
Vehumet
Wu Jian
Xom
Yredelemnul
Zin
The Shining One

Annotations:
D:3 exclusion: 2 downstairs
D:4 exclusion: downstairs


Innate Abilities, Weirdness & Mutations

((You can breathe blasts of noxious fumes.))
((Your lurid green scales are hard. (AC +7)))
You cannot fit into any form of body armour.
((Your system is resistant to poisons. (rPois)))
((You are cold-blooded and may be slowed by cold attacks.))


Message History

The death yak is heavily wounded.
The death yak gores you!
You hit the death yak but do no damage.
The death yak is heavily wounded.
The death yak gores you!!
* * * LOW HITPOINT WARNING * * *
You fail to use your ability.
The death yak barely misses you.
You punch the death yak! You freeze the death yak.
The death yak is heavily wounded.
You feel like a meek peon again.
You hit the death yak. You freeze the death yak.
The death yak is severely wounded.
The death yak looks more healthy.
The death yak gores you!
* * * LOW HITPOINT WARNING * * *
Casting: Ice Form (safe; 9% risk of failure)
Confirm with . or Enter, or press ? or * to list all spells.
You warm up again.
You turn into a venomous arachnid creature.
The death yak gores you!!
You die...

# #.# #..#
.##.###.###..#
>............#####
.................######
.##.###(####..........#
# #.# ############ #.#
.# #Y# #.# #s# #.# #.#
#### #.# #.# ..# #.#
#.# #.# #.# #.#
######.#####.# #.#
.....Y.......# #.#
######.#####.# #.#
######.#####.###.#


You could see a death yak.

Vanquished Creatures
  A death yak (D:8)
  Duvessa (D:5)
  An orc warrior (D:7)
  3 sky beasts
  A necrophage (D:7)
  2 centaurs
  2 ogres
  2 big kobolds (D:8)
  A bullfrog (D:6)
  Dowan (D:5)
  3 scorpions
  3 wights
  2 bullfrog zombies
  3 crimson imps
  3 orc priests
  3 hounds (D:6)
  2 jellies
  7 orc wizards
  4 worker ants
  A hound skeleton (D:4)
  9 gnolls
  6 adders
  A shadow imp (D:7)
  2 oozes
  3 worms
  3 dart slugs
  3 leopard geckos
  30 orcs
  4 giant cockroaches
  8 goblins
  11 hobgoblins
  10 jackals
  20 kobolds
  A ball python (D:1)
  11 bats
  4 frilled lizards
  A jackal skeleton (D:5)
  A jackal zombie (D:6)
  A quokka skeleton (D:7)
  A quokka zombie (D:4)
  9 rats
185 creatures vanquished.

Vanquished Creatures (collateral kills)
  A sky beast (D:5)
  A wight (D:6)
  An adder (D:2)
  An orc (D:7)
  A jackal (D:1)
  A quokka (D:2)
  A goblin (D:1)
  A rat (D:2)
8 creatures vanquished.

Grand Total: 193 creatures vanquished

Notes
Turn   | Place    | Note
-------+----------+-------------------------------------------
     0 | D:1      | nightchill the Draconian Transmuter began the quest for the
                  | Orb.
     0 | D:1      | Reached XP level 1. HP: 16/16 MP: 3/3
   235 | D:1      | Reached XP level 2. HP: 19/23 MP: 1/5
   285 | D:1      | Learned a level 2 spell: Sticks to Snakes
   677 | D:1      | Reached XP level 3. HP: 24/29 MP: 6/6
  1395 | D:2      | Reached skill level 4 in Unarmed Combat
  1469 | D:2      | Learned a level 3 spell: Spider Form
  1636 | D:2      | Reached XP level 4. HP: 36/36 MP: 7/7
  1709 | D:2      | Found a sacrificial altar of Ru.
  1954 | D:2      | Found a shimmering altar of Xom.
  2197 | D:2      | Found a white marble altar of Elyvilon.
  2234 | D:2      | Found a glowing golden altar of the Shining One.
  2236 | D:2      | Found a glowing silver altar of Zin.
  3256 | D:3      | Reached XP level 5. HP: 41/42 MP: 8/8
  3417 | D:3      | Found a faded altar of an unknown god.
  3654 | D:3      | Found a sparkling altar of Nemelex Xobeh.
  4150 | D:4      | Noticed an ogre
  4170 | D:4      | Killed an ogre
  4308 | D:4      | Found an opulent altar of Gozag.
  4369 | D:4      | Reached skill level 5 in Unarmed Combat
  4521 | D:4      | Found a bloodstained altar of Trog.
  4521 | D:4      | Found a radiant altar of Vehumet.
  4534 | D:5      | Entered Level 5 of the Dungeon
  4623 | D:4      | Noticed an ogre
  5050 | D:3      | Reached XP level 6. HP: 23/51 MP: 9/9
  5319 | D:4      | Found an opulent altar of Gozag.
  6461 | D:5      | Reached skill level 6 in Unarmed Combat
  6740 | D:5      | Your scales start taking on a lurid green colour.
  6740 | D:5      | Reached XP level 7. HP: 53/59 MP: 10/10
  6740 | D:5      | Gained mutation: Your system is resistant to poisons.
                  | (rPois) [Green Draconian growth]
  6893 | D:5      | Learned a level 4 spell: Ice Form
  7174 | D:5      | Noticed Duvessa
  7182 | D:5      | Noticed Dowan
  7208 | D:5      | Killed Dowan
  7222 | D:5      | Killed Duvessa
  7222 | D:5      | Reached skill level 1 in Ice Magic
  7554 | D:5      | Reached skill level 7 in Unarmed Combat
  7594 | D:5      | Reached XP level 8. HP: 49/67 MP: 8/11
  8040 | D:6      | Found a staircase to the Ecumenical Temple.
  8046 | Temple   | Entered the Ecumenical Temple
  8053 | Temple   | Became a worshipper of Warmaster Okawaru
  8066 | D:6      | Reached skill level 5 in Fighting
  8131 | D:6      | Reached skill level 5 in Transmutations
  8231 | D:6      | Found a shadowy altar of Dithmenos.
  8402 | D:6      | Found a deep blue altar of Sif Muna.
  8455 | D:6      | Identified Sif Muna's Compendium of Moulding
  8554 | D:6      | Reached * piety under Okawaru
  8815 | D:6      | Reached skill level 8 in Unarmed Combat
  9228 | D:7      | Found a basalt altar of Yredelemnul.
  9694 | D:7      | Reached XP level 9. HP: 66/74 MP: 12/12
 10861 | D:7      | HP: 2/74 [orc warrior/halberd (25)]
 11449 | D:8      | Noticed a death yak
 11469 | D:8      | Noticed a death yak
 11513 | D:8      | Killed a death yak
 11513 | D:8      | Reached ** piety under Okawaru
 11513 | D:8      | Reached skill level 9 in Unarmed Combat
 11596 | D:8      | Noticed a death yak
 11613 | D:8      | Demolished by a death yak

Skill      XL: |  1  2  3  4  5  6  7  8  9 |
---------------+----------------------------+-----
Fighting       | 2 3 4 6 |  6.7
Unarmed Combat | 4 5 6 7 8 9 |  9.3
Transmutations | 3 4 5 6 |  6.3
Ice Magic      | 1 3 4 |  4.3
Dodging        | 2 3 |  3.0
Spellcasting   | |  2.0

Action                   |  1- 3 |  4- 6 |  7- 9 || total
-------------------------+-------+-------+-------++-------
Melee: Unarmed           |   153 |   280 |   282 ||   715
       Kick              |    12 |    18 |     5 ||    35
       Tailslap          |    13 |    22 |    28 ||    63
       Punch             |     1 |     4 |    10 ||    15
       Headbutt          |    10 |    15 |     3 ||    28
 Fire: Blowgun           |       |       |     1 ||     1
Throw: Stone             |     4 |    10 |     1 ||    15
 Cast: Beastly Appendage |    16 |    29 |     6 ||    51
       Sticks to Snakes  |     4 |    17 |    17 ||    38
       Ice Form          |       |       |     4 ||     4
       Spider Form       |       |       |     8 ||     8
Invok: Heroism           |       |       |     8 ||     8
 Abil: Breathe Noxious F |       |       |    23 ||    23
Evoke: Wand              |       |       |     3 ||     3
  Use: Scroll            |       |     9 |     7 ||    16
       Potion            |       |       |     3 ||     3
 Stab: Distracted        |     1 |     1 |       ||     2
       Sleeping          |     1 |       |       ||     1
       Confused          |       |       |     7 ||     7
  Eat: Chunk             |     3 |    18 |    10 ||    31
       Ration            |       |       |     4 ||     4
Armor: Skin              |    65 |    87 |    43 ||   195
Dodge: Dodged            |   129 |   166 |   155 ||   450
